 Dungeon Crawl Stone Soup version 0.29.1-2-gbd0b4ee654 (webtiles) character file.

Game seed: 6573511796638271485

62 croobank the Caller (level 3, -4/25 (26) HPs)
             Began as a Demigod Summoner on Nov 8, 2022.
             Slain by Crazy Yiuf
             ... wielding a +3 quarterstaff of chaos
              (5 damage)
             ... on level 2 of the Dungeon.
             The game lasted 00:06:37 (2102 turns).

croobank the Caller (Demigod Summoner)              Turns: 2102, Time: 00:06:38

HP:   -4/25 (26)    AC:  4    Str: 14    XL:     3   Next: 60%
MP:   3/9           EV: 12    Int: 21    God:
Gold: 133           SH:  0    Dex: 12    Spells: 0/6 levels left

rFire   . . .      SeeInvis +   k - +5 short sword
rCold   . . .      Faith    .   (no shield)
rNeg    . . .      Spirit   .   a - +0 robe
rPois   .          Reflect  .   (no helmet)
rElec   .          Harm     .   (no cloak)
rCorr   .          Rampage  .   (no gloves)
Will    .....                   i - +1 pair of boots of Hufamawn {Str+5 Dex-2 SInv Stlth+}
Stlth   +++.......              (no amulet)
HPRegen 0.08/turn               (no ring)
MPRegen 0.11/turn               (no ring)

@: lightly drained
A: high MP 1, forlorn, divine attributes
a: no special abilities


You were on level 2 of the Dungeon.
You visited 1 branch of the dungeon, and saw 2 of its levels.

You collected 133 gold pieces.

Inventory:

Hand Weapons
 g - a +0 whip
 h - a +0 dagger
 k - a +5 short sword (weapon)
 p - a +0 hand axe
 s - a +3 vorpal hand axe
Missiles
 o - 2 atropa-tipped darts
Armour
 a - a +0 robe (worn)
 i - the +1 pair of boots of Hufamawn (worn) {Str+5 Dex-2 SInv Stlth+}
   (You acquired it on level 2 of the Dungeon)

   Str:       It affects your strength (+5).
   Dex:       It affects your dexterity (-2).
   SInv:      It lets you see invisible.
   Stlth:     It makes you more stealthy.
Scrolls
 e - a scroll of poison
 j - a scroll of enchant armour {unknown}
 l - a scroll of butterflies {unknown}
 m - 2 scrolls of enchant weapon {unknown}
 n - a scroll of teleportation {unknown}
 q - a scroll of identify {unknown}
 r - 2 scrolls of silence {unknown}
Potions
 b - a potion of magic
 c - a potion of mutation {unknown}
 d - 2 potions of haste {unknown}
 f - a potion of heal wounds {unknown}


   Skills:
 + Level 2.4 Dodging
 + Level 2.5 Stealth
 + Level 2.3 Spellcasting
 + Level 4.0 Summonings


You couldn't memorise any spells.
You knew the following spells:

 Your Spells              Type           Power      Damage    Failure   Level
a - Summon Small Mammal   Summ           76%        N/A       2%          1
b - Call Imp              Summ           19%        N/A       4%          2
c - Call Canine Familiar  Summ           19%        N/A       9%          3

Your spell library contained the following spells:

 Spells                   Type           Power      Damage    Failure   Level
 Summon Guardian Golem    Hex/Summ       10%        N/A       19%         3
 Summon Lightning Spire   Summ/Air       10%        N/A       52%         4


Dungeon Overview and Level Annotations

Branches:
Dungeon (2/15)

Annotations:
D:2 Crazy Yiuf


Innate Abilities, Weirdness & Mutations

You have an increased reservoir of magic. (+10% MP)
You shall have no god before yourself.
Your divine heritage dramatically boosts your attributes as you level up.


Message History

This is a scroll of acquirement!
Something appears at your feet!
Crazy Yiuf shouts!
You start putting on your armour.
You continue putting on the +1 pair of boots of Hufamawn {Str+5 Dex-2 SInv Stlth+}. x4
You finish putting on the +1 pair of boots of Hufamawn {Str+5 Dex-2 SInv Stlth+}.
You feel stronger.
You feel clumsy.
Casting: Summon Small Mammal (safe; 2% risk of failure)
Confirm with . or Enter, or press ? or * to list all spells.
You open the door.
Your hound is engulfed in poison gas.
Your hound is poisoned.
Really walk into that cloud of poison gas?
Okay, then.
Casting: Call Canine Familiar (quite dangerous; 9% risk of failure)
Confirm with . or Enter, or press ? or * to list all spells.
Okay, then.
Casting: Call Canine Familiar (quite dangerous; 9% risk of failure)
Confirm with . or Enter, or press ? or * to list all spells.
Your hound disappears in a puff of smoke!
Crazy Yiuf zaps a wand.
The puff of flame hits you.
You puncture Crazy Yiuf!
Crazy Yiuf is heavily wounded.
Crazy Yiuf hits you with a +3 quarterstaff of chaos!
You feel drained.
Your hound bites Crazy Yiuf but does no damage.
You hit Crazy Yiuf.
Crazy Yiuf is heavily wounded.
Your hound barely misses Crazy Yiuf.
Crazy Yiuf says, "Tonal tortoise shoe!"
Crazy Yiuf drinks a potion.
Crazy Yiuf is healed!
Your hound misses Crazy Yiuf.
Okay, then.
You hit Crazy Yiuf.
Crazy Yiuf is moderately wounded.
Your hound bites Crazy Yiuf.
Crazy Yiuf closely misses you.
Your hound bites Crazy Yiuf but does no damage.
Crazy Yiuf hits you with a +3 quarterstaff of chaos!
* * * LOW HITPOINT WARNING * * *
Crazy Yiuf freezes you.
You die...

#....####.#....#
#. ##..##
#....#.#####
#....#
##..........
#...##
####..##...
##.## ##..#....
#.## #........
##○# #........
#.## #.(......
##@# ####.....
#g# ##.... .h.
########..##
#...#
#...........
#..)#
######.###..
##### #.# ##.
####.# #. #...(#
#. #.#### #.


You could see Crazy Yiuf (ally target) and a friendly hound (summoned).

Vanquished Creatures
  An adder (D:2)
  A dart slug (D:2)
  An orc (D:2)
  A ball python (D:1)
  A bat (D:2)
5 creatures vanquished.

Vanquished Creatures (collateral kills)
  An adder (D:2)
  A worm (D:2)
  2 orcs (D:2)
  4 ball pythons
  2 bats (D:1)
  6 endoplasms
  2 giant cockroaches
  2 goblins (D:2)
  A hobgoblin (D:1)
  4 kobolds (D:1)
  5 rats
30 creatures vanquished.

Grand Total: 35 creatures vanquished

Notes
Turn   | Place    | Note
-------+----------+-------------------------------------------
     0 | D:1      | croobank the Demigod Summoner began the quest for the Orb.
     0 | D:1      | Reached XP level 1. HP: 14/14 MP: 5/5
   435 | D:1      | Reached XP level 2. HP: 19/20 MP: 2/7
   624 | D:1      | Learned a level 2 spell: Call Imp
  1226 | D:2      | Reached XP level 3. HP: 26/26 MP: 4/8
  1293 | D:2      | Learned a level 3 spell: Call Canine Familiar
  1667 | D:2      | Reached skill level 4 in Summonings
  1702 | D:2      | Found a runed translucent door.
  1703 | D:2      | Noticed Crazy Yiuf
  2091 | D:2      | Identified a scroll of acquirement
  2091 | D:2      | Acquired the +1 pair of boots of Hufamawn {Str+5 Dex-2 SInv
                  | Stlth+}
  2102 | D:2      | HP: 1/25 [Crazy Yiuf/+3 quarterstaff of chaos (9)]
  2102 | D:2      | Slain by Crazy Yiuf

Illustrated notes

Levels and vault maps discovered:
D:1:      minmay_arrival_doors, layout_loops_ring, ebering_ecumenical_altar_rust
D:2:      layout_rooms, basic_altar, chequers_serial_rivers_marsh,
          uniq_crazy_yiuf_cottage

Skill      XL: |  1  2  3 |
---------------+----------+-----
Stealth        | 2 |  2.5
Dodging        | 2 |  2.4
Spellcasting   | 2 |  2.3
Summonings     | 4 |  4.0

Action                   || total
-------------------------++-------
Melee: Unarmed           ||     7
       Punch             ||     1
       Whip              ||     6
       Short sword       ||    15
 Cast: Summon Small Mamm ||    44
       Call Imp          ||     8
       Call Canine Famil ||     8
  Use: Scroll            ||     2
 Stab: Sleeping          ||     4
Armor: Robe              ||    11
Dodge: Dodged            ||    48
